 Dungeon Crawl Stone Soup version 0.29-a0-414-g5075937ec3 (webtiles) character file.

Game seed: 11327565881713640948

80159 chopper the Severer (level 15, -3/137 HPs)
             Began as a Minotaur Fighter on May 13, 2022.
             Was the Champion of Nemelex Xobeh.
             Slain by Rupert
             ... wielding a +2 vorpal great sword
              (14 damage)
             ... while petrified by a basilisk
             ... on level 15 of the Dungeon on May 15, 2022.
             The game lasted 03:09:47 (25909 turns).

chopper the Severer (Minotaur Fighter)             Turns: 25909, Time: 03:09:48

Health: -3/137     AC: 30    Str: 27    XL:     15   Next: 23%
Magic:  14/14      EV:  2    Int:  5    God:    Nemelex Xobeh [******]
Gold:   2034       SH:  0    Dex: 11    Spells: 14/14 levels left

rFire   . . .      SeeInvis .   h - +2 battleaxe (freeze)
rCold   + . .      Faith    .   (shield currently unavailable)
rNeg    + + +      Spirit   .   U - +6 chain mail "Xunuzxai" {rC+}
rPois   ∞          Reflect  .   H - +2 hat
rElec   +          Harm     .   J - +1 cloak
rCorr   +          Rampage  .   (no gloves)
Will    +....                   k - +1 pair of boots
Stlth   ..........              o - amulet of regeneration
HPRegen 1.12/turn               y - ring "Dair" {rElec rCorr EV+4}
MPRegen 0.14/turn               c - +4 ring of protection

@: petrified
A: horns 2, retaliatory headbutt
a: Renounce Religion, Draw Escape, Draw Destruction, Draw Summoning, Triple
Draw, Deal Four, Stack Five


You were on level 15 of the Dungeon.
You worshipped Nemelex Xobeh.
Nemelex Xobeh was exalted by your worship.
You visited 3 branches of the dungeon, and saw 23 of its levels.
You also visited: Sewer.

You collected 2034 gold pieces.

Inventory:

Hand Weapons
 b - a +3 longbow of flaming
 h - a +2 battleaxe of freezing (weapon)
 n - a +1 demon whip of venom
 q - a +2 dire flail of holy wrath
 v - the +8 hand axe of Gasterr {vorpal, Stlth+}
   (You found it on level 3 of the Dungeon)

   It inflicts extra damage upon your enemies.
   Stlth:     It makes you more stealthy.
 G - the +5 mace of the World {freeze, Str+4 Dex+4}
   (You found it on level 6 of the Lair of Beasts)

   It freezes those it strikes, dealing additional cold damage.
   It can also slow down cold-blooded creatures.
   Str:       It affects your strength (+4).
   Dex:       It affects your dexterity (+4).
Missiles
 p - 3 atropa-tipped darts (quivered)
 P - 11 javelins
 X - 9 datura-tipped darts
Armour
 k - a +1 pair of boots (worn)
 H - a +2 hat (worn)
 J - a +1 cloak (worn)
 Q - a +2 kite shield
 U - the +6 chain mail "Xunuzxai" (worn) {rC+}
   (You found it on level 2 of the Lair of Beasts)

   rC:        It protects you from cold.
Jewellery
 c - a +4 ring of protection (right hand)
 e - an amulet of the acrobat
 j - a ring of ice
 o - an amulet of regeneration (around neck)
 y - the ring "Dair" (left hand) {rElec rCorr EV+4}
   (You found it on level 4 of the Dungeon)

   [ring of evasion]

   EV:        It affects your evasion (+4).
   rElec:     It insulates you from electricity.
   rCorr:     It protects you from acid and corrosion.
 E - a ring of poison resistance
 N - a ring of flight
Wands
 g - a wand of flame (2)
 i - a wand of mindburst (14)
 l - a wand of polymorph (6)
 I - a wand of charming (15)
 M - a wand of iceblast (17)
 T - a wand of acid (5)
 V - a wand of digging (9)
 Z - a wand of paralysis (4)
Scrolls
 a - a scroll of immolation {unknown}
 f - 5 scrolls of blinking
 s - 4 scrolls of summoning
 t - 9 scrolls of teleportation
 B - 9 scrolls of magic mapping
 D - a scroll of torment {unknown}
 K - a scroll of acquirement {unknown}
 L - 6 scrolls of fear
 O - a scroll of noise {unknown}
 W - a scroll of brand weapon {unknown}
Potions
 d - 4 potions of might
 m - 10 potions of curing
 u - 2 potions of experience {unknown}
 w - 2 potions of invisibility {unknown}
 x - 4 potions of haste
 z - a potion of resistance {unknown}
 C - 2 potions of ambrosia {unknown}
 F - a potion of cancellation {unknown}
 S - 3 potions of berserk rage {unknown}
Miscellaneous
 R - a lightning rod (3/4)


   Skills:
 + Level 13.8 Fighting
 + Level 15.9(17.4) Axes
 + Level 10.8(14.7) Maces & Flails
 + Level 4.2(11.2) Polearms
 + Level 3.3 Bows
 + Level 3.6 Throwing
 + Level 13.9 Armour
 + Level 8.8 Dodging
 + Level 3.9 Stealth
 + Level 14.3 Shields
 + Level 0.5 Evocations


You had 14 spell levels left.
You didn't know any spells.
Your spell library contained the following spells:

 Spells                   Type           Power      Damage    Failure   Level
 Magic Dart               Conj           0%         1d3       90%         1
 Shock                    Conj/Air       0%         1d3       90%         1
 Sting                    Tmut/Pois      0%         1d3       90%         1
 Call Imp                 Summ           0%         N/A       97%         2
 Poisonous Vapours        Pois/Air       0%         N/A       97%         2
 Conjure Flame            Conj/Fire      0%         6-21      99%         3
 Dazzling Flash           Conj/Hex       0%         N/A       99%         3
 Frozen Ramparts          Ice            0%         1d2       99%         3
 Ignite Poison            Fire/Tmut/Pois 0%         N/A       99%         3
 Mephitic Cloud           Conj/Pois/Air  0%         N/A       99%         3
 Swiftness                Air            0%         N/A       99%         3
 Airstrike                Air            0%         N/A       100%        4
 Animate Dead             Necr           0%         N/A       100%        4
 Fulminant Prism          Conj/Hex       0%         3d6       100%        4
 Ice Form                 Ice/Tmut       0%         N/A       100%        4
 Iskenderun's Mystic Bla  Conj/Tloc      0%         2d3       100%        4
 Leda's Liquefaction      Hex/Erth       0%         N/A       100%        4
 Olgreb's Toxic Radiance  Pois           0%         N/A       100%        4
 Sticky Flame             Conj/Fire      0%         2d3       100%        4
 Summon Ice Beast         Ice/Summ       0%         N/A       100%        4
 Agony                    Necr           0%         N/A       100%        5
 Lee's Rapid Deconstruct  Erth           0%         3d5*      100%        5
 Silence                  Hex/Air        0%         N/A       100%        5
 Statue Form              Tmut/Erth      0%         N/A       100%        6
 Haunt                    Necr/Summ      0%         N/A       100%        7
 Malign Gateway           Summ/Tloc      0%         N/A       100%        7
 Infestation              Necr           0%         N/A       100%        8
 Summon Horrible Things   Summ           0%         N/A       100%        8


Dungeon Overview and Level Annotations

Branches:
Dungeon (15/15)            Temple (0/1) D:7            Lair (6/6) D:9
  Swamp (0/4) Lair:4        Snake (0/4) Lair:4        Slime (0/5) Lair:6
    Orc (2/2) D:9             Elf (0/3) Orc:2        Vaults (0/5) D:14
  Sewer (visited)
 Depths: D:15

Altars:
Ashenzari
Dithmenos
Elyvilon
Fedhas
Gozag
Hepliaklqana
Kikubaaqudgha
Makhleb
Nemelex Xobeh
Uskayaw
Vehumet
The Shining One
Beogh
Jiyva
Lugonu

Shops:
D:4 (   D:10 [   Orc:2 ([*=

Portals:
Abyss: Lair:6

Annotations:
D:15 Rupert
Lair:6 exclusion: oklob plant


Innate Abilities, Weirdness & Mutations

You have a pair of horns on your head.
You reflexively headbutt those who attack you in melee.


Message History

You turn to flesh and can move again.
As you read the scroll of teleportation, it crumbles to dust.
You feel strangely unstable. Rupert hits you but does no damage.
The basilisk gazes at you.
You easily resist.
Rupert hits you with a +2 vorpal great sword!
You barely miss the basilisk. Your headbutt misses the basilisk.
You hit Rupert but do no damage. Rupert hits you but does no damage.
The basilisk misses you.
You barely miss the basilisk. Your headbutt misses the basilisk.
You closely miss Rupert. Rupert closely misses you. The basilisk bites you!
Rupert closely misses you.
You hit the basilisk but do no damage. You hit Rupert. You freeze Rupert.
The basilisk gazes at you.
You easily resist.
Rupert hits you with a +2 vorpal great sword.
You slash the basilisk! You freeze the basilisk. You headbutt the basilisk!
The basilisk is almost dead.
You slash Rupert! You freeze Rupert.
Rupert hits you with a +2 vorpal great sword!
* * * LOW HITPOINT WARNING * * *
x2 The basilisk gazes at you.
You easily resist.
You feel much better.
Your surroundings seem slightly different.
The basilisk gazes at you.
You are slowing down.
The basilisk gazes at you.
Your limbs have turned to stone.
You have turned to stone.
Rupert hits you with a +2 vorpal great sword!
Rupert hits you with a +2 vorpal great sword.
Rupert hits you with a +2 vorpal great sword!!!
* * * LOW HITPOINT WARNING * * *
x2 Rupert hits you with a +2 vorpal great sword!!
* * * LOW HITPOINT WARNING * * *
Rupert hits you with a +2 vorpal great sword!!
* * * LOW HITPOINT WARNING * * *
Rupert hits you with a +2 vorpal great sword!!
You die...
Your body glows with a rainbow of weird colours and disappears.

##......... #.........#. ##
#####.........#. ..##
##.##....##..##.. ...##
#..#....#...#.... ..<)## ###
#..........#..##
.#.#.#######.#####..............#
....#.........##.@l........†.....
...##........<##@##.#............
.................####........##..
.................# #.........# .
..................# ##........#
#.................# ####.....#
#.................# ........
.......).###........ ##.......
..........##.........
......................


You could see Rupert (berserk) and a basilisk.

Vanquished Creatures
  Jorgrun (D:15)
  2 orc warlords (Orc:2)
  Nessos (D:13)
  A fire dragon (D:15)
  A boulder beetle (D:14)
  8 hydras
  3 catoblepae
  3 vault guards (D:14)
  An ogre mage (D:14)
  5 centaur warriors
  4 two-headed ogres
  A tengu warrior (D:15)
  4 orc high priests (Orc:2)
  2 thrashing horrors (Lair:6)
  Amaemon (Lair:3)
  3 large abominations (Lair:6)
  3 deep elf pyromancers
  2 wizards
  The ghost of happo123 the Geomancer, a novice GrEE of Vehumet (D:7)
  7 orc sorcerers
  3 ugly things (Lair:6)
  5 orc knights
  3 cyclopes
  A manticore (D:13)
  8 slime creatures
  A will-o-the-wisp (Lair:4)
  9 elephants
  An elephant (shapeshifter) (Lair:6)
  3 smoke demons (Lair:6)
  Maurice (Orc:2)
  6 black mambas
  A guardian serpent (shapeshifter) (D:14)
  6 cane toads
  An orange demon (Lair:3)
  A gargoyle (D:14)
  An unseen horror (D:12)
  4 rime drakes
  A yaktaur (D:14)
  11 komodo dragons
  4 kobold demonologists
  An ancient zyme (Lair:6)
  The ghost of OTABOTABOTAB the Destroyer, a novice DECj (D:5)
  6 trolls
  A polar bear (Lair:3)
  3 meliai
  A wolf spider simulacrum (D:14)
  A hornet (Lair:2)
  16 blink frogs
  2 spriggans
  A vampire (D:11)
  3 wraiths
  3 shadows
  3 wyverns
  35 yaks
  4 chaos spawn (Lair:6)
  7 basilisks
  Grum (D:11)
  2 steam dragons
  3 vampire mosquitoes (D:14)
  Menkaure (D:6)
  4 wargs
  3 nagas (Lair:4)
  9 water moccasins
  Duvessa (D:7)
  4 ice beasts
  38 orc warriors
  8 ogres
  8 black bears
  12 small abominations (Lair:6)
  5 centaurs
  11 wolves
  A phantom (D:7)
  3 kobold brigands
  A necrophage (D:7)
  12 bullfrogs
  2 gnoll sergeants
  3 scorpions
  A wight (D:9)
  Dowan (D:7)
  5 killer bees (D:9)
  An electric eel (D:7)
  5 howler monkeys
  4 jellies
  2 hounds
  25 orc priests
  4 gnoll shamans
  5 iguanas
  Ijyb (D:4)
  34 orc wizards
  Robin (D:2)
  9 adders
  20 gnolls
  4 river rats (Sewer)
  2 shadow imps
  3 white imps
  An ufetubus (D:5)
  3 worms
  A dart slug (D:1)
  78 orcs
  7 ball pythons
  3 bats
  4 bat zombies (D:10)
  13 endoplasms
  4 giant cockroaches
  17 goblins
  8 hobgoblins
  14 jackals
  4 quokkas
  7 frilled lizards
  26 kobolds
  13 rats
  A rat zombie (D:10)
  A bush (Lair:1)
  A butterfly (Lair:5)
678 creatures vanquished.

Vanquished Creatures (others)
  A deep elf knight (D:14)
  An orc (Orc:2)
  4 kobolds (D:10)
  4 foxfires (Lair:4)
  17 fungi
  75 plants
102 creatures vanquished.

Grand Total: 780 creatures vanquished

Notes
Turn   | Place    | Note
-------+----------+-------------------------------------------
     0 | D:1      | chopper the Minotaur Fighter began the quest for the Orb.
     0 | D:1      | Reached XP level 1. HP: 19/19 MP: 0/0
   152 | D:1      | Reached XP level 2. HP: 22/27 MP: 1/1
   421 | D:1      | Found a faded altar of an unknown god.
   562 | D:1      | Reached XP level 3. HP: 24/33 MP: 2/2
   873 | D:2      | Noticed Robin
   927 | D:2      | Reached skill level 3 in Axes
  1080 | D:2      | Killed Robin
  1109 | D:2      | Reached XP level 4. HP: 35/40 MP: 3/3
  1424 | D:2      | Found the +7 Kryia's mail coat {PotionHeal*2 rC+}
  2049 | D:3      | Reached skill level 4 in Axes
  2076 | D:3      | Found a sparkling altar of Nemelex Xobeh.
  2092 | D:3      | Reached XP level 5. HP: 47/47 MP: 4/4
  2261 | D:3      | Became a worshipper of Nemelex Xobeh the Trickster
  2319 | D:3      | Reached skill level 5 in Axes
  2509 | D:3      | Identified the +8 hand axe of Gasterr {vorpal, Stlth+}
  2819 | D:4      | Found a burning altar of Makhleb.
  2834 | D:4      | Found an opulent altar of Gozag.
  2958 | D:4      | Reached XP level 6. HP: 44/53 MP: 5/5
  2960 | D:4      | Noticed Ijyb
  2967 | D:4      | Killed Ijyb
  2974 | D:4      | Found a white marble altar of Elyvilon.
  3011 | D:4      | Found Cob Mioh's Antique Weapon Shop.
  3022 | D:4      | Reached skill level 6 in Axes
  3042 | D:4      | Reached * piety under Nemelex Xobeh
  3052 | D:4      | Reached skill level 5 in Armour
  3058 | D:4      | Found a glowing drain.
  3067 | Sewer    | Entered a sewer
  3187 | Sewer    | Reached skill level 7 in Axes
  3187 | Sewer    | Reached XP level 7. HP: 58/60 MP: 6/6
  3211 | Sewer    | Found a viscous altar of Jiyva.
  3241 | Sewer    | Received a gift from Nemelex Xobeh
  3488 | D:4      | Identified the ring "Dair" {rElec rCorr EV+4}
  3686 | D:4      | Reached skill level 5 in Fighting
  3686 | D:4      | Reached skill level 1 in Dodging
  4189 | D:4      | Found a shadowy altar of Dithmenos.
  4254 | D:5      | Entered Level 5 of the Dungeon
  4450 | D:5      | Reached skill level 8 in Axes
  4491 | D:5      | Reached skill level 1 in Stealth
  4501 | D:5      | Reached skill level 5 in Shields
  4501 | D:5      | Reached XP level 8. HP: 65/68 MP: 7/7
  5041 | D:5      | Found a runed translucent gate.
  5043 | D:5      | Found a runed translucent gate.
  5044 | D:5      | Identified the +1 leather armour of Hepliaklqana's Scorn
                  | {Harm +Blink Regen+ Int-3}
  5045 | D:5      | Found a runed translucent gate.
  5046 | D:5      | Noticed OTABOTABOTAB's ghost (novice DECj)
  5227 | D:5      | Reached ** piety under Nemelex Xobeh
  5238 | D:5      | Reached skill level 9 in Axes
  5489 | D:5      | Killed OTABOTABOTAB's ghost
  6087 | D:6      | Reached XP level 9. HP: 70/75 MP: 8/8
  6109 | D:6      | Reached skill level 10 in Axes
  6373 | D:7      | Noticed Menkaure
  6388 | D:6      | Killed Menkaure
  6404 | D:7      | Found a glowing golden altar of the Shining One.
  6492 | D:7      | Received a gift from Nemelex Xobeh
  6514 | D:7      | Identified the +4 leather armour "Widu" {Str-5 Slay+6}
  6769 | D:7      | Noticed a kobold demonologist
  6769 | D:7      | Noticed a kobold demonologist
  6815 | D:7      | Killed a kobold demonologist
  6816 | D:7      | Reached skill level 1 in Throwing
  6864 | D:7      | Noticed a kobold demonologist
  6872 | D:7      | Killed a kobold demonologist
  6873 | D:7      | Reached skill level 11 in Axes
  6873 | D:7      | Reached skill level 5 in Dodging
  6879 | D:7      | Killed a kobold demonologist
  6926 | D:7      | Reached XP level 10. HP: 86/86 MP: 9/9
  7105 | D:7      | Found a staircase to the Ecumenical Temple.
  7142 | D:7      | Noticed Duvessa
  7143 | D:7      | Noticed Dowan
  7156 | D:7      | Killed Duvessa
  7158 | D:7      | Killed Dowan
  7312 | D:7      | Found a transporter.
  7314 | D:7      | Noticed happo123's ghost (novice GrEE)
  7326 | D:7      | Found a transporter.
  7861 | D:7      | Killed happo123's ghost
  7862 | D:7      | Reached skill level 12 in Axes
  8578 | D:8      | Reached *** piety under Nemelex Xobeh
  8623 | D:8      | Received a gift from Nemelex Xobeh
  8793 | D:8      | Found a broken altar of Ashenzari.
  9037 | D:9      | Found a radiant altar of Vehumet.
  9152 | D:9      | Found a hazy altar of Hepliaklqana.
  9171 | D:9      | Found a blossoming altar of Fedhas.
  9257 | D:9      | Reached skill level 13 in Axes
  9257 | D:9      | Reached XP level 11. HP: 64/95 MP: 10/10
  9302 | D:9      | Found a staircase to the Orcish Mines.
  9563 | D:9      | Found a staircase to the Lair.
  9659 | D:9      | Noticed a wizard
  9708 | D:9      | Killed a wizard
  9968 | Lair:1   | Entered Level 1 of the Lair of Beasts
 10032 | Lair:1   | Received a gift from Nemelex Xobeh
 10485 | Lair:1   | Reached **** piety under Nemelex Xobeh
 10761 | Lair:2   | Received a gift from Nemelex Xobeh
 11507 | Lair:2   | Reached skill level 14 in Axes
 11577 | Lair:2   | Noticed a five-headed hydra
 11641 | Lair:2   | Killed a 17-headed hydra
 11642 | Lair:2   | Reached skill level 10 in Armour
 11779 | Lair:2   | Noticed a six-headed hydra
 11787 | Lair:2   | Killed a six-headed hydra
 11788 | Lair:2   | Reached skill level 1 in Polearms
 11889 | Lair:2   | Identified the +6 chain mail "Xunuzxai" {rC+}
 12032 | Lair:2   | Reached XP level 12. HP: 106/106 MP: 11/11
 12218 | Lair:3   | Received a gift from Nemelex Xobeh
 12219 | Lair:3   | Noticed Amaemon
 12348 | Lair:3   | Killed Amaemon
 12426 | Lair:3   | Reached skill level 10 in Fighting
 12426 | Lair:3   | Reached skill level 10 in Shields
 12570 | Lair:3   | Noticed a catoblepas
 12603 | Lair:3   | Killed a catoblepas
 12810 | Lair:3   | Reached skill level 1 in Maces & Flails
 12872 | Lair:3   | Received a gift from Nemelex Xobeh
 13508 | Lair:3   | Upgraded the game from 0.29-a0-398-ge13fd1374b to
                  | 0.29-a0-409-gd843f3a48c
 13655 | Lair:4   | Reached ***** piety under Nemelex Xobeh
 13825 | Lair:4   | Found a staircase to the Swamp.
 13838 | Lair:4   | Noticed a five-headed hydra
 13851 | Lair:4   | Killed a five-headed hydra
 13937 | Lair:4   | Received a gift from Nemelex Xobeh
 14001 | Lair:4   | Reached skill level 5 in Maces & Flails
 14224 | Lair:4   | Found a staircase to the Snake Pit.
 14474 | Lair:5   | Noticed a seven-headed hydra
 14489 | Lair:4   | Killed a seven-headed hydra
 14566 | Lair:5   | Received a gift from Nemelex Xobeh
 14968 | Lair:5   | Received a gift from Nemelex Xobeh
 14975 | Lair:5   | Reached XP level 13. HP: 116/116 MP: 12/12
 15227 | Lair:6   | Entered Level 6 of the Lair of Beasts
 15625 | Lair:6   | Received a gift from Nemelex Xobeh
 16779 | Lair:6   | Found a corrupted altar of Lugonu.
 16838 | Lair:6   | Identified the +5 mace of the World {freeze, Str+4 Dex+4}
 16997 | Lair:6   | Found a viscous altar of Jiyva.
 16997 | Lair:6   | Found a staircase to the Slime Pits.
 17106 | Lair:6   | Found a one-way gate to the infinite horrors of the Abyss.
 17757 | Orc:1    | Entered Level 1 of the Orcish Mines
 17824 | Orc:2    | Entered Level 2 of the Orcish Mines
 17831 | Orc:2    | Reached skill level 10 in Maces & Flails
 17947 | Orc:2    | Reached ****** piety under Nemelex Xobeh
 18001 | Orc:2    | Received a gift from Nemelex Xobeh
 18028 | Orc:2    | Noticed an orc warlord
 18084 | Orc:2    | Killed an orc warlord
 18277 | Orc:2    | Paralysed by an orc sorcerer for 4 turns
 18292 | Orc:2    | Found a staircase to the Elven Halls.
 18411 | Orc:2    | Reached XP level 14. HP: 125/125 MP: 13/13
 18676 | Orc:2    | Noticed Maurice
 18825 | Orc:2    | Killed Maurice
 19017 | Orc:2    | Noticed an orc warlord
 19042 | Orc:2    | Killed an orc warlord
 19089 | Orc:2    | Reached skill level 15 in Axes
 19129 | Orc:2    | Found Hidus's General Store.
 19130 | Orc:2    | Found Usunodot's Jewellery Boutique.
 19132 | Orc:2    | Found Xon Wyti's Antique Armour Shop.
 19132 | Orc:2    | Found Cefitibi's Antique Weapon Shop.
 19329 | Orc:1    | Received a gift from Nemelex Xobeh
 19830 | D:10     | Entered Level 10 of the Dungeon
 20031 | D:10     | Found Otics's Antique Armour Shop.
 20460 | D:10     | Received a gift from Nemelex Xobeh
 20562 | D:10     | Found an ancient bone altar of Kikubaaqudgha.
 21286 | D:11     | Received a gift from Nemelex Xobeh
 21510 | D:11     | Noticed Grum
 21519 | D:11     | Killed Grum
 21885 | D:12     | Received a gift from Nemelex Xobeh
 22313 | D:12     | Identified the +8 dagger of the Spectre {spect, rElec
                  | Int+4}
 22659 | D:13     | Noticed Nessos
 22753 | D:13     | Killed Nessos
 23003 | D:13     | Received a gift from Nemelex Xobeh
 23427 | D:13     | Upgraded the game from 0.29-a0-409-gd843f3a48c to
                  | 0.29-a0-414-g5075937ec3
 24025 | D:14     | Reached skill level 1 in Bows
 24116 | D:14     | Received a gift from Nemelex Xobeh
 24425 | D:14     | Found an opulent altar of Gozag.
 24584 | D:14     | Identified the +0 robe of the Iron Devil {rElec Regen+
                  | Dex+8 Stlth-}
 24920 | D:14     | Reached XP level 15. HP: 126/136 MP: 14/14
 25002 | D:14     | Found a gate to the Vaults.
 25267 | D:15     | Entered Level 15 of the Dungeon
 25594 | D:15     | Found a hide-covered altar of Uskayaw.
 25737 | D:15     | Noticed Jorgrun
 25752 | D:15     | Noticed Rupert
 25755 | D:15     | Killed Jorgrun
 25855 | D:15     | Received a gift from Nemelex Xobeh
 25909 | D:15     | Slain by Rupert

Illustrated notes

Levels and vault maps discovered:
D:1:      dpeg_arrival_solitude, layout_basic, shapermc_ecumenical_altar_venn,
          dreamdust_wishing_well
D:2:      layout_basic, minmay_crystal_water, bh_walls_and_bars, uniq_robin
D:3:      layout_loops_ring, mainiacjoe_overflow_small_starburst
D:4:      layout_loops_ring, grunt_temple_overflow_diamond,
          lemuel_crystal_altar, serial_shops, kennysheep_little_box,
          portal_sewer_entry_d, minmay_small_thing, uniq_ijyb
D:5:      minmay_general_purpose_star, layout_loops_corners,
          biasface_ghost_orc_armoury, kennysheep_generic_room_3
D:6:      layout_rooms, grunt_decor_arrowhead, nicolae_grassy_gnolls
D:7:      layout_basic, amcnicky_altar_gilded, minmay_temple_entry_fiery,
          gammafunk_ghost_smash, serial_bayou_lagoon_a, the_hattery,
          uniq_duvessa, uniq_menkaure
D:8:      layout_basic, cheibrodos_ashenzari_chains
D:9:      minmay_evil_eye, layout_long_grid, mainiacjoe_overflow_swirl,
          vehumet_crystals, dpeg_oklobed_lair, david_orc_3
D:10:     layout_basic, lemuel_zombie_altar_kikubaaqudgha, serial_shops,
          kennysheep_mini_moat
D:11:     layout_loops_ring, uniq_grum
D:12:     layout_rooms, minivault_24
D:13:     layout_basic, uniq_nessos
D:14:     layout_loops_ring, grunt_vaults_entry_fortified,
          nicolae_gozag_cash_rules_everything_around_me
D:15:     grunt_enter_depths_hoard, layout_cave_pools,
          nicolae_uskayaw_murder_on_the_dancefloor, uniq_rupert, uniq_jorgrun
Lair:1:   layout_roguey, pond
Lair:2:   cheibrodos_lair_overgrown_chateau, layout_regular_city,
          beast_lair_carwin_11
Lair:3:   layout_regular_city, infiniplex_staircase_pool_2, uniq_amaemon
Lair:4:   layout_regular_city, minmay_swamp_entry_wisps,
          guppyfry_snake_entry_island
Lair:5:   layout_hall_layers, serial_bayou_shore_b, lemuel_fruit_tree,
          grunt_megastairs_5, lemuel_fruit_fields, lemuel_fruit_fields
Lair:6:   hellmonk_lair_end_abyssal_woods, layout_concentric_octagons,
          dpeg_slime_entry_enclosed_altar, minivault_11, st_stairs_9,
          chequers_serial_rivers_large_a, grunt_megastairs_2
Orc:1:    layout_diamond_mine, mines2_david
Orc:2:    st_orc_congregation, layout_diamond_mine, uniq_maurice

Skill      XL: |  1  2  3  4  5  6  7  8  9 10 11 12 13 14 15 |
---------------+----------------------------------------------+-----
Fighting       | 4 5 7 8 9 11 13 | 13.8
Armour         | 4 5 7 9 10 11 12 13 | 13.9
Shields        | 4 5 6 7 9 10 12 14 | 14.3
Axes           | 3 4 5 7 8 9 11 13 14 15 | 15.9
Dodging        | 2 3 5 6 7 8 |  8.8
Stealth        | 1 2 3 |  3.9
Throwing       | 1 2 3 |  3.6
Polearms       | 1 4 |  4.2
Maces & Flails | 6 10 | 10.8
Bows           | 2 3 |  3.3
Evocations     | |  0.5

Action                   |  1- 3 |  4- 6 |  7- 9 | 10-12 | 13-15 || total
-------------------------+-------+-------+-------+-------+-------++-------
Melee: War axe           |    79 |    76 |       |       |       ||   155
       Headbutt          |     9 |    18 |    32 |   128 |   291 ||   478
       Hand axe          |       |    71 |   220 |   329 |   566 ||  1186
       Spear             |       |       |       |    67 |       ||    67
       Demon whip        |       |       |       |   197 |   387 ||   584
       Mace              |       |       |       |       |    92 ||    92
       Punch             |       |       |       |       |     2 ||     2
       Battleaxe         |       |       |       |       |    77 ||    77
 Fire: Longbow           |       |       |       |       |    45 ||    45
Throw: Javelin           |       |       |    10 |     7 |    27 ||    44
Invok: Draw Destruction  |       |       |       |       |     3 ||     3
Evoke: Wand              |       |       |       |     1 |     3 ||     4
       Phial of floods   |       |       |       |       |     1 ||     1
       Lightning rod     |       |       |       |       |     1 ||     1
  Use: Scroll            |       |     7 |     1 |     5 |    13 ||    26
       Potion            |       |       |       |     4 |     4 ||     8
 Stab: Sleeping          |       |       |     1 |     2 |       ||     3
       Distracted        |       |       |       |     1 |       ||     1
       Paralysed         |       |       |       |       |     1 ||     1
       Petrified         |       |       |       |       |     2 ||     2
Armor: Scale mail        |    61 |    74 |    81 |   204 |       ||   420
       Chain mail        |       |       |       |   104 |   561 ||   665
Dodge: Dodged            |    60 |    59 |   150 |   382 |   553 ||  1204
Block: Buckler           |    23 |    30 |    46 |    16 |       ||   115
       Kite shield       |       |       |       |   294 |   517 ||   811

Table legend: (Time is in decaauts)
 A = Elapsed time spent in this place.
 B = Non-inter-level travel time spent in this place.
 C = Inter-level travel time spent in this place.
 D = Time resting spent in this place.
 E = Time spent auto-exploring this place.
 F = Levels seen in this place.
 G = Mean time per level.
                   A        B        C        D        E       F      G
               +--------+--------+--------+--------+--------+-----+--------+
         Total |  25639 |  25639 |      0 |   1383 |      0 |  24 | 1068.3 |
       Dungeon |  15868 |  15868 |      0 |    769 |      0 |  15 | 1057.9 |
          Lair |   7560 |   7560 |      0 |    518 |      0 |   6 | 1260.0 |
  Orcish Mines |   1893 |   1893 |      0 |     96 |      0 |   2 |  946.5 |
         Sewer |    317 |    317 |      0 |      0 |      0 |   1 |  317.0 |
               +--------+--------+--------+--------+--------+-----+--------+

Top non-repeatable levels by time:
  Lair:6: 1977 daAuts
    D:14: 1877 daAuts
     D:7: 1521 daAuts
     D:5: 1468 daAuts
  Lair:2: 1433 daAuts
   Orc:2: 1428 daAuts
  Lair:3: 1320 daAuts
     D:4: 1273 daAuts
    D:10: 1200 daAuts
     D:9: 1137 daAuts
     D:2: 1132 daAuts
  Lair:4: 1019 daAuts
  Lair:5: 1006 daAuts
     D:8: 991 daAuts
    D:13: 900 daAuts
